 Dungeon Crawl Stone Soup version 0.32-a0-913-g739538afd8 (webtiles) character file.

Game seed: 370224959179361391

77246 Cancer the Earth Mage (level 15, -9/81 HPs)
             Began as a Gargoyle Earth Elementalist on Apr 9, 2024.
             Was a High Priest of Vehumet.
             Mangled by Donald
             ... wielding a +2 long sword of protection
              (30 damage)
             ... on level 2 of the Orcish Mines.
             The game lasted 01:51:43 (25241 turns).

Cancer the Earth Mage (GrEE)                       Turns: 25241, Time: 01:51:44

Health: -9/81      AC: 23    Str: 20    XL:     15   Next: 56%
Magic:  3/32       EV:  9    Int: 26    God:    Vehumet [*****.]
Gold:   2468       SH: 11    Dex: 10    Spells: 17/40 levels left

rFire   . . .        M - +0 broad axe "Wuusom" {flame, +Blink Str+2 Int+3}
rCold   . . .        L - +1 kite shield {AC+3}
rNeg    + . .        q - +0 troll leather armour
rPois   ∞            c - +2 helmet
rElec   +            V - scarf {repulsion}
rCorr   .            U - +0 pair of gloves
SInv    .            r - +0 pair of boots
Will    +....        z - amulet of magic regeneration
Stlth   ++           T - ring of wizardry
HPRegen 1.13/turn    X - +6 ring of strength
MPRegen 0.63/turn

%: repel missiles, wizardry (x1)
@: about to teleport, flying
A: sickness immunity, AC +11, big wings, negative energy resistance 1,
electricity resistance, torment resistance 1, petrification resistance
a: Renounce Religion, Evoke Blink


You were on level 2 of the Orcish Mines.
You worshipped Vehumet.
Vehumet was extremely pleased with you.
You visited 4 branches of the dungeon, and saw 20 of its levels.
You also visited: Volcano.

You collected 2468 gold pieces.

Inventory:

Hand Weapons
 o - a +2 dagger of venom
 E - the +2 sling "Wasuawn" {heavy, Will+ Int+4}
   (You found it on level 7 of the Dungeon)

   Int+4:     It affects your intelligence (+4).
   Will+:     It increases your willpower.
 M - the +0 broad axe "Wuusom" (weapon) {flame, +Blink Str+2 Int+3}
   (You found it on level 4 of the Lair of Beasts)

   Str+2:     It affects your strength (+2).
   Int+3:     It affects your intelligence (+3).
   +Blink:    It lets you blink.
Armour
 c - a +2 helmet (worn)
 k - a scarf of resistance
 q - a +0 troll leather armour (worn)
 r - a +0 pair of boots (worn)
 s - +0 steam dragon scales
 I - the +0 ring mail of Fage {rF+ rC++ Str+3}
   (You found it on level 1 of the Lair of Beasts)

   Str+3:     It affects your strength (+3).
   rF+:       It protects you from fire.
   rC++:      It greatly protects you from cold.
 L - a +1 kite shield of protection (worn)
 P - +0 acid dragon scales
 Q - a +4 ring mail
 U - a +0 pair of gloves (worn)
 V - a scarf of repulsion (worn)
Magical Staves
 R - a staff of cold
Jewellery
 l - a ring of ice
 m - an amulet of reflection
 u - a ring of protection from fire
 z - an amulet of magic regeneration (around neck)
 T - a ring of wizardry (left hand)
 X - a +6 ring of strength (right hand)
 Y - a ring of wizardry
Scrolls
 a - 3 scrolls of noise
 d - 2 scrolls of revelation
 e - 5 scrolls of immolation
 g - 2 scrolls of teleportation
 h - 2 scrolls of fog {unknown}
 n - a scroll of summoning {unknown}
 t - 2 scrolls of blinking {unknown}
 y - 3 scrolls of fear
 D - a scroll of brand weapon {unknown}
 F - a scroll of amnesia {unknown}
Potions
 b - 4 potions of magic
 f - 2 potions of enlightenment {unknown}
 i - 5 potions of might
 j - 4 potions of lignification
 p - 2 potions of ambrosia {unknown}
 v - 5 potions of attraction
 B - 3 potions of brilliance
 C - 5 potions of heal wounds
 G - 5 potions of curing
 H - a potion of cancellation {unknown}
 K - 3 potions of resistance
 N - 2 potions of berserk rage {unknown}
 S - 3 potions of mutation
 W - a potion of degeneration {unknown}


   Skills:
 + Level 4.8 Fighting
 + Level 4.8 Armour
 - Level 2.0 Dodging
 + Level 4.9 Stealth
 + Level 10.6 Shields
 + Level 13.2 Spellcasting
 + Level 15.2 Conjurations
 + Level 6.2 Fire Magic
 - Level 16.0 Earth Magic


You had 17 spell levels left.
You knew the following spells:

 Your Spells              Type           Power      Damage    Failure   Level
a - Sandblast             Erth           100%       2d20      0%          1
b - Stone Arrow           Conj/Erth      100%       3d13      0%          3
c - Bombard               Conj/Erth      39%        9d7       1%          6
d - Brom's Barrelling Bo  Conj/Erth      78%        2d9       1%          4
e - Passwall              Erth           79%        N/A       1%          3
f - Starburst             Conj/Fire      32%        6d10      1%          6

Your spell library contained the following spells:

 Spells                   Type           Power      Damage    Failure   Level
 Plasma Beam              Fire/Air       16%        2x1d28    26%         6
 Sting                    Conj/Alch      100%       1d9       1%          1
 Volatile Blastmotes      Fire/Tloc      66%        2d15      1%          3
 Animate Armour           Summ/Erth      100%       N/A       1%          4
 Petrify                  Alch/Erth      56%        N/A       1%          4
 Lee's Rapid Deconstruct  Erth           39%        3d19*     1%          5
 Apportation              Tloc           34%        N/A       2%          1
 Necrotise                Necr           68%        1d7       2%          1
 Summon Small Mammal      Summ           68%        N/A       2%          1
 Ensorcelled Hibernation  Hex/Ice        34%        N/A       4%          2
 Lehudib's Crystal Spear  Conj/Erth      39%        10d10     8%          8
 Call Canine Familiar     Summ           17%        N/A       9%          3
 Fugue of the Fallen      Necr           17%        N/A       9%          3
 Sigil of Binding         Hex            17%        N/A       9%          3
 Anguish                  Hex/Necr       8%         N/A       26%         4
 Dimensional Bullseye     Hex/Tloc       8%         N/A       26%         4
 Summon Lightning Spire   Summ/Air       17%        N/A       26%         4
 Vhi's Electric Charge    Tloc/Air       34%        N/A       26%         4


Dungeon Overview and Level Annotations

Branches:
Dungeon (12/15)            Temple (1/1) D:7            Lair (5/5) D:11
 Shoals (0/4) Lair:3        Snake (0/4) Lair:3        Slime (0/5) Lair:4
    Orc (2/2) D:11        Volcano (visited)
    Elf: Orc:2

Altars:
Ashenzari
Cheibriados
Dithmenos
Elyvilon
Fedhas
Gozag
Hepliaklqana
Kikubaaqudgha
Makhleb
Nemelex Xobeh
Okawaru
Qazlal
Ru
Sif Muna
Trog
Uskayaw
Vehumet
Wu Jian
Xom
Yredelemnul
Zin
The Shining One
Jiyva

Shops:
Orc:2 ![!*

Annotations:
D:1 2tele
D:4 wall
D:11 stash
D:12 1 runed translucent door, wally255's ghost, journeyman FeBe
Orc:2 Donald


Innate Abilities, Weirdness & Mutations

You are immune to sickness and miasma.
Your stone body is resilient. (AC +11)
You are immune to poison.
Your large and strong wings let you fly.
You resist negative energy. (rN+)
You are resistant to electric shocks. (rElec)
You are resistant to unholy torment.
You are immune to petrification.


Message History

Unknown command.
Casting: Starburst (dangerous; 1% risk of failure)
Confirm with . or Enter, or press ? or * to list all spells.
Aiming: Brom's Barrelling Boulder (safe; 1% risk of failure)
Press: ? - help, Dir - move target, f - Donald
Aim: Donald, wielding a +2 long sword of protection, wearing a +1 chain mail of willpower and wearing a +0 kite shield of reflection (lightly wounded, fast, strong, reflecting blocked projectiles, 100% to hit)
You send a boulder barrelling forward!
Unknown command.
Casting: Brom's Barrelling Boulder (safe; 1% risk of failure)
Confirm with . or Enter, or press ? or * to list all spells.
Aiming: Bombard (dangerous; 1% risk of failure)
Press: ? - help, Shift-Dir - straight line, f/p - Donald
Aim: Donald, wielding a +2 long sword of protection, wearing a +1 chain mail of willpower and wearing a +0 kite shield of reflection (lightly wounded, fast, strong, reflecting blocked projectiles, 85% to hit)
Donald blocks the iron shot with his +0 kite shield of reflection... and reflects it back!
The iron shot is repelled.
Donald hits you with a +2 long sword of protection.
Casting: Bombard (dangerous; 1% risk of failure)
Confirm with . or Enter, or press ? or * to list all spells.
Casting: Starburst (dangerous; 1% risk of failure)
Press: ? - help, Dir - look around, f - activate The bolt of fire hits Donald!!!
Donald is heavily wounded.
Donald hits you with a +2 long sword of protection!!
Unknown command.
Casting: Starburst (dangerous; 1% risk of failure)
Confirm with . or Enter, or press ? or * to list all spells.
Casting: Starburst (dangerous; 1% risk of failure)
Press: ? - help, Dir - look around, f - activate The bolt of fire hits Donald!
Donald is severely wounded.
You block Donald's attack.
Donald hits you with a +2 long sword of protection!!
* * * LOW HITPOINT WARNING * * *
Unknown command.
As you read the scroll of teleportation, it crumbles to dust.
You feel strangely unstable.
Donald says, "I hate hellfire."
Donald hits you with a +2 long sword of protection!!
You die...
Donald says, "Well, maybe you weren't so bad after all."

............#...#........#
......#....#...#........##
......................####
..............##.##.....#.
#...........###...........
..........@## ##.#......#.
.........### ###...#####
...###..#@## #...## .
#...@.# ##...# ##.#.##
##.## ##### ###


You could see Donald (fast, strong, reflecting).

Vanquished Creatures
  An ettin (Orc:2)
  An ice dragon (Lair:5)
  A boulder beetle (D:10)
  The ghost of jestert79 the Skirmisher, a journeyman CoHu of Okawaru (Lair:1)
  2 ogre magi (Orc:2)
  A rakshasa (D:11)
  7 two-headed ogres
  5 hydras
  2 centaur warriors (D:10)
  10 death yaks
  Urug (D:10)
  Nergalle (Lair:3)
  A skyshark (Lair:5)
  Lodul (D:10)
  2 deep elf archers (Volcano)
  A deep troll (Orc:2)
  A swamp dragon (Lair:5)
  A lindwurm (Lair:5)
  An obsidian bat (Orc:1)
  4 ugly things
  7 deep elf pyromancers (Volcano)
  A wolf spider (Lair:5)
  2 cyclopes
  An oklob plant (Lair:5)
  4 manticores
  A kobold blastminer (Orc:2)
  10 elephants
  A guardian serpent (Lair:5)
  11 black mambas
  2 torpor snails
  A cane toad (shapeshifter) (D:10)
  16 cane toads
  2 rime drakes
  Maggie (D:8)
  A yaktaur (D:10)
  5 komodo dragons
  3 polar bears
  8 trolls
  2 hornets (Lair:5)
  A wind drake (Lair:3)
  4 blink frogs (Lair:3)
  2 dream sheep (Lair:2)
  A water elemental (D:11)
  A shadow (D:12)
  A vampire (D:11)
  15 wyverns
  A wraith (D:12)
  5 fire elementals (Volcano)
  62 yaks
  5 basilisks
  5 steam dragons
  2 vampire mosquitoes (D:7)
  5 redbacks (Lair:5)
  A warg (Orc:1)
  Edmund (D:4)
  8 acid dragons
  7 hell hounds
  18 water moccasins
  A swamp drake (Lair:5)
  7 orc warriors
  4 black bears
  4 ice beasts
  24 wolves
  28 ogres
  A centaur (D:9)
  2 phantoms (D:5)
  4 kobold brigands
  7 bullfrogs
  3 gnoll sergeants
  A scorpion (D:7)
  19 killer bees
  2 howler monkeys (D:11)
  An electric eel (D:11)
  5 hounds
  7 orc priests
  A gnoll bouda (D:5)
  3 iguanas (Lair:5)
  Natasha (thrice) (D:3)
  6 orc wizards
  7 hell rats (Lair:5)
  13 gnolls
  5 adders
  A shadow imp (D:8)
  3 white imps
  A ribbon worm (D:2)
  A dart slug (D:5)
  28 orcs
  8 ball pythons
  6 bats
  4 endoplasms
  3 giant cockroaches
  5 goblins
  5 hobgoblins
  2 jackals (D:2)
  4 quokkas
  4 frilled lizards
  16 kobolds
  3 rats
521 creatures vanquished.

Notes
Turn   | Place    | Note
-------+----------+-------------------------------------------
     0 | D:1      | Cancer the Gargoyle Earth Elementalist began the quest for
                  | the Orb.
     0 | D:1      | Reached XP level 1. HP: 10/10 MP: 3/3
   134 | D:1      | Reached XP level 2. HP: 15/15 MP: 1/5
   429 | D:1      | Reached skill level 4 in Earth Magic
   986 | D:2      | Reached XP level 3. HP: 13/19 MP: 0/6
  1807 | D:3      | Reached XP level 4. HP: 24/24 MP: 5/8
  1931 | D:3      | Noticed Natasha
  2019 | D:3      | Found a faded altar of an unknown god.
  2091 | D:3      | Killed Natasha
  2498 | D:3      | Noticed Natasha
  2502 | D:3      | Killed Natasha
  2503 | D:3      | Reached XP level 5. HP: 24/28 MP: 5/9
  2913 | D:3      | Noticed Natasha
  2918 | D:3      | Killed Natasha
  2919 | D:3      | Reached skill level 5 in Earth Magic
  3001 | D:4      | Noticed Edmund
  3186 | D:4      | Noticed a steam dragon
  3198 | D:4      | Killed a steam dragon
  3199 | D:4      | Reached XP level 6. HP: 10/32 MP: 5/11
  3707 | D:4      | Learned a level 3 spell: Stone Arrow
  3711 | D:4      | Learned a level 3 spell: Passwall
  3797 | D:5      | Entered Level 5 of the Dungeon
  3889 | D:5      | Reached skill level 6 in Earth Magic
  3891 | D:5      | Reached XP level 7. HP: 27/36 MP: 9/13
  4118 | D:5      | Reached skill level 5 in Conjurations
  4217 | D:5      | Reached skill level 5 in Spellcasting
  4217 | D:5      | Reached skill level 7 in Earth Magic
  4217 | D:5      | Reached XP level 8. HP: 36/41 MP: 7/15
  5011 | D:6      | Noticed a two-headed ogre
  5557 | D:6      | Found a hazy altar of Hepliaklqana.
  5565 | D:6      | Reached skill level 8 in Earth Magic
  6296 | D:4      | Killed Edmund
  6457 | D:7      | Reached XP level 9. HP: 45/45 MP: 14/18
  6488 | D:7      | Found a basalt altar of Yredelemnul.
  6489 | D:7      | Noticed a brown ugly thing
  6663 | D:7      | Reached skill level 9 in Earth Magic
  6861 | D:7      | Found a staircase to the Ecumenical Temple.
  6870 | Temple   | Entered the Ecumenical Temple
  6888 | Temple   | Became a worshipper of Vehumet
  7030 | D:7      | Noticed a cyclops
  7031 | D:7      | Found a transporter.
  7058 | D:7      | Found a glowing golden altar of the Shining One.
  7095 | D:7      | Found a transporter.
  7124 | D:7      | Identified the +2 sling "Wasuawn" {heavy, Will+ Int+4}
  7509 | D:8      | Noticed Maggie
  7639 | D:6      | Killed a two-headed ogre
  7640 | D:6      | Reached skill level 10 in Earth Magic
  7800 | D:8      | Reached XP level 10. HP: 49/50 MP: 18/21
  7850 | D:8      | Reached * piety under Vehumet
  7850 | D:8      | Offered knowledge of Shock by Vehumet.
  8175 | D:8      | Killed Maggie
  8984 | D:9      | Found a shadowy altar of Dithmenos.
  8986 | D:9      | Found a hide-covered altar of Uskayaw.
  9198 | D:9      | Noticed a two-headed ogre
  9243 | D:9      | Reached skill level 11 in Earth Magic
  9248 | D:9      | Killed a two-headed ogre
  9557 | D:9      | Found a blossoming altar of Fedhas.
  9559 | D:9      | Found a broken altar of Ashenzari.
  9705 | D:10     | Entered Level 10 of the Dungeon
  9786 | D:9      | Reached skill level 1 in Fighting
  9786 | D:9      | Reached skill level 1 in Armour
  9786 | D:9      | Reached skill level 1 in Shields
  9789 | D:9      | Reached skill level 10 in Conjurations
  9872 | D:10     | Reached ** piety under Vehumet
  9881 | D:10     | Noticed Lodul
  9920 | D:10     | Offered knowledge of Foxfire by Vehumet.
  9921 | D:10     | Reached XP level 11. HP: 45/57 MP: 19/23
 10406 | D:10     | Found an opulent altar of Gozag.
 10684 | D:10     | Killed Lodul
 10685 | D:10     | Reached skill level 12 in Earth Magic
 10850 | D:10     | Noticed a centaur warrior
 10861 | D:10     | Killed a centaur warrior
 10865 | D:10     | Noticed a centaur warrior
 10875 | D:10     | Killed a centaur warrior
 10887 | D:10     | Noticed a boulder beetle
 10897 | D:10     | a cane toad changed into a fire crab
 10897 | D:10     | Noticed a fire crab (shapeshifter)
 10898 | D:10     | a fire crab changed into a cane toad
 10906 | D:10     | Offered knowledge of Scorch by Vehumet.
 11110 | D:10     | Noticed Urug
 11117 | D:10     | Killed Urug
 11345 | D:10     | Found a white marble altar of Elyvilon.
 11878 | D:11     | Noticed a two-headed ogre
 11886 | D:11     | Killed a two-headed ogre
 12131 | D:11     | Noticed a red ugly thing
 12133 | D:11     | Noticed a rakshasa
 12142 | D:11     | Found a staircase to the Lair.
 12153 | D:11     | Reached XP level 12. HP: 38/66 MP: 9/25
 12156 | D:11     | Reached skill level 10 in Spellcasting
 12159 | Lair:1   | Entered Level 1 of the Lair of Beasts
 12482 | D:11     | Reached skill level 13 in Earth Magic
 12545 | D:11     | Learned a level 4 spell: Brom's Barrelling Boulder
 12694 | D:11     | Found a staircase to the Orcish Mines.
 13133 | D:11     | Killed a rakshasa
 13133 | D:11     | Reached *** piety under Vehumet
 13604 | D:12     | Learned a level 6 spell: Bombard
 14030 | D:12     | Found a runed translucent door.
 14049 | D:12     | Noticed wally255's ghost (journeyman FeBe)
 14219 | D:10     | Killed a boulder beetle
 14512 | Lair:1   | Offered knowledge of Ignite Poison by Vehumet.
 14583 | Lair:1   | Identified the +0 ring mail of Fage {rF+ rC++ Str+3}
 14731 | Lair:1   | Found a transporter.
 14835 | Lair:1   | Found a transporter.
 14844 | Lair:1   | Noticed jestert79's ghost (journeyman CoHu)
 14845 | Lair:1   | Noticed a seven-headed hydra
 15132 | Lair:2   | Identified the +5 long sword of Disembowelment {freeze,
                  | Str+5 Stlth-}
 15218 | Lair:2   | Found a dark tunnel.
 15322 | Volcano  | Entered a volcano
 15344 | Volcano  | Reached skill level 5 in Shields
 15344 | Volcano  | Reached **** piety under Vehumet
 15411 | Volcano  | Reached skill level 14 in Earth Magic
 15413 | Volcano  | Reached XP level 13. HP: 70/70 MP: 12/27
 15785 | Volcano  | Offered knowledge of Olgreb's Toxic Radiance by Vehumet.
 17384 | Lair:2   | Reached skill level 15 in Earth Magic
 17685 | Lair:3   | Reached ***** piety under Vehumet
 17687 | Lair:3   | Offered knowledge of Starburst by Vehumet.
 17749 | Lair:3   | Noticed Nergalle
 17893 | Lair:3   | Killed Nergalle
 18029 | Lair:3   | Found a staircase to the Shoals.
 18173 | Lair:3   | Gained mutation: Your large and strong wings let you fly.
                  | [Gargoyle growth]
 18173 | Lair:3   | Reached XP level 14. HP: 76/76 MP: 23/30
 18180 | Lair:3   | Learned a level 6 spell: Starburst
 18348 | Lair:3   | Reached skill level 1 in Fire Magic
 18501 | Lair:3   | Found a staircase to the Snake Pit.
 18967 | Lair:4   | Found a viscous altar of Jiyva.
 18967 | Lair:4   | Found a staircase to the Slime Pits.
 19911 | Lair:4   | Identified the +0 broad axe "Wuusom" {flame, +Blink Str+2
                  | Int+3}
 20154 | Lair:5   | Entered Level 5 of the Lair of Beasts
 20640 | Lair:5   | Offered knowledge of Eringya's Noxious Bog by Vehumet.
 20885 | Lair:5   | Reached skill level 16 in Earth Magic
 21650 | Lair:5   | Reached skill level 5 in Fire Magic
 21650 | Lair:5   | Reached XP level 15. HP: 71/80 MP: 12/31
 22423 | Lair:5   | Reached skill level 10 in Shields
 22423 | Lair:5   | Found a blossoming altar of Fedhas.
 24002 | D:7      | Reached skill level 15 in Conjurations
 24173 | Lair:1   | Killed jestert79's ghost
 24270 | Orc:1    | Entered Level 1 of the Orcish Mines
 24277 | Orc:1    | Offered knowledge of Plasma Beam by Vehumet.
 24766 | Orc:2    | Entered Level 2 of the Orcish Mines
 24864 | Orc:2    | Paralysed by an ogre mage for 3 turns
 24984 | Orc:2    | Found Xoucume's General Store.
 25108 | Orc:2    | Found Tiosk's Distillery.
 25157 | Orc:2    | Found Uffixtim's Antique Armour Emporium.
 25158 | Orc:2    | Found Zaoku's Distillery.
 25172 | Orc:2    | Noticed Donald
 25241 | Orc:2    | Mangled by Donald

Illustrated notes

Levels and vault maps discovered:
D:1:      scummos_arrival_simple_crosswalls, layout_basic, minivault_4
D:2:      layout_basic
D:3:      layout_loops_ring, nicolae_ecumenical_oubliette, uniq_natasha
D:4:      layout_basic, chequers_serial_rivers_micro_b, lightli_corner_chamber,
          uniq_edmund
D:5:      layout_basic
D:6:      layout_basic, mainiacjoe_overflow_chevrons
D:7:      layout_loops_ring, gammafunk_temple_overflow_arena,
          mainiacjoe_overflow_alcove_1, minmay_temple_entry_large_hall
D:8:      layout_loops_ring, uniq_maggie
D:9:      layout_loops_ring, nicolae_overflow_hidden_temple,
          nicolae_figureground_sparkle
D:10:     minmay_blocky_corners, layout_small_grid,
          mainiacjoe_overflow_boulevard, kennysheep_mini,
          nicolae_zig_zag_zippers, uniq_urug, uniq_lodul
D:11:     layout_long_grid, erik_lair_island, orc_0_dummy
D:12:     layout_rooms, ebering_ghost_inner_flame
Temple:   hellmonk_temple_forest_ring
Lair:1:   layout_regular_city, gammafunk_ghost_arena, grunt_megastairs_1,
          infiniplex_staircase_pool_2
Lair:2:   layout_misc_corridors, enter_volcano_3
Lair:3:   layout_roguey, minmay_shoals_entry_beasts, dummy_snake_entry,
          uniq_nergalle
Lair:4:   layout_layer_cave, slime_entry_1
Lair:5:   guppyfry_lair_end_dragon, layout_long_grid,
          hangedman_lair_tendril_chambers, chequers_serial_rivers_large_a,
          tgw_fedhas
Orc:1:    layout_caves
Orc:2:    st_orc_open, layout_diamond_mine, uniq_azrael, uniq_donald

Skill      XL: |  1  2  3  4  5  6  7  8  9 10 11 12 13 14 15 |
---------------+----------------------------------------------+-----
Earth Magic    | 4 5 6 7 8 10 11 12 14 15 16 | 16.0
Conjurations   | 2 3 4 5 7 8 10 11 12 13 14 15 | 15.2
Spellcasting   | 3 4 5 6 7 8 9 10 12 13 | 13.2
Fighting       | 1 4 |  4.8
Armour         | 1 2 4 |  4.8
Shields        | 1 2 5 7 9 10 | 10.6
Dodging        | 2 |  2.0
Stealth        | 3 4 |  4.9
Fire Magic     | 5 6 |  6.2

Action                     |  1- 3 |  4- 6 |  7- 9 | 10-12 | 13-15 || total
---------------------------+-------+-------+-------+-------+-------++-------
  Melee: Unarmed           |    25 |     1 |       |       |       ||    26
         Spear             |       |       |     1 |    16 |   269 ||   286
         Broad axe         |       |       |       |       |   131 ||   131
   Fire: Sling             |       |       |       |    14 |       ||    14
   Cast: Sandblast         |    61 |    52 |   115 |   202 |   283 ||   713
         Stone Arrow       |       |       |    20 |   125 |    49 ||   194
         Passwall          |       |       |     3 |     2 |     3 ||     8
         Bombard           |       |       |       |    16 |   117 ||   133
         Starburst         |       |       |       |       |    46 ||    46
         Brom's Barrelling |       |       |       |       |     1 ||     1
    Use: Scroll            |       |       |       |     6 |    11 ||    17
   Stab: Distracted        |       |       |       |       |     1 ||     1
 Armour: Robe              |    47 |    37 |       |       |       ||    84
         Steam dragon scal |       |    12 |    73 |   259 |       ||   344
         Ring mail         |       |       |       |    25 |   525 ||   550
         Troll leather arm |       |       |       |       |    16 ||    16
  Dodge: Dodged            |    49 |    42 |    70 |   152 |   240 ||   553
         Repelled          |       |       |       |       |     1 ||     1
  Block: Buckler           |       |       |       |    44 |    15 ||    59
         Reflection        |       |       |       |     1 |       ||     1
         Kite shield       |       |       |       |       |   727 ||   727

Table legend: (Time is in decaauts)
 A = Elapsed time spent in this place.
 B = Non-inter-level travel time spent in this place.
 C = Inter-level travel time spent in this place.
 D = Time resting spent in this place.
 E = Time spent auto-exploring this place.
 F = Levels seen in this place.
 G = Mean time per level.
                   A        B        C        D        E       F      G
               +--------+--------+--------+--------+--------+-----+--------+
         Total |  25831 |  22186 |   3645 |   2988 |  11919 |  21 | 1230.0 |
       Dungeon |  15041 |  12729 |   2312 |   1182 |   8266 |  12 | 1253.4 |
        Temple |     36 |      2 |     34 |      0 |      0 |   1 |   36.0 |
          Lair |   8963 |   7672 |   1291 |   1260 |   3111 |   5 | 1792.6 |
  Orcish Mines |    964 |    957 |      7 |     80 |    507 |   2 |  482.0 |
       Volcano |    825 |    825 |      0 |    466 |     35 |   1 |  825.0 |
               +--------+--------+--------+--------+--------+-----+--------+

Top non-repeatable levels by time:
  Lair:5: 3375 daAuts
    D:11: 2033 daAuts
     D:9: 1721 daAuts
    D:10: 1660 daAuts
  Lair:1: 1529 daAuts
  Lair:4: 1481 daAuts
  Lair:2: 1457 daAuts
     D:6: 1444 daAuts
     D:7: 1326 daAuts
     D:3: 1270 daAuts
     D:5: 1144 daAuts
  Lair:3: 1119 daAuts
     D:8: 995 daAuts
     D:4: 987 daAuts
     D:1: 926 daAuts
